[ AOE2 MATCH · #507635841 ]
UnrankedMongols vs Berbers
Player's team · WIN
Rival team · LOSS
[ REPLAY ANALYSIS · EXTRACTED FROM THE RECORDED GAME ]
Feudal
9:23
Castle
21:38
Imperial
35:31
| APM avg | 52.1 |
| APM peak | 100 |
| eAPM avg | 32.7 |
| Villagers / military | 146 / 121 |
Focus
⚔️ 23.7% · 🌾 76.3%
Scout Cavalry ×69 · Mangudai ×24 · Trebuchet (Packed) ×9 · Monk ×5 · Militia ×4 · Skirmisher ×4
Feudal
9:19
Castle
24:43
Imperial
39:35
| APM avg | 36.8 |
| APM peak | 113 |
| eAPM avg | 16.8 |
| Villagers / military | 103 / 79 |
Focus
⚔️ 25.0% · 🌾 75.0%
Genitour ×36 · Camel Archer ×15 · Skirmisher ×8 · Scout Cavalry ×8 · Camel Scout ×6 · Monk ×2
Match map
Initial resources + every placement click. Lines = walls · curves = elevation contours. ◆ gold · ⬟ stone · ● berries · ✦ relic · ◌ wall gap
Your base· ✓ Closed at 21:38 · 22t walls · no gate
Daniel-182's base· ✓ Closed at 24:43 · 76t walls · no gate
Smoothed initial terrain · ◌ = detected wall gap · hover for details
Inputs per minute
— HellionBlue - - Daniel-182
Build order — HellionBlue
First 150 of 392 actions detected
| 0:01 | Queue | Villager (Male) |
| 0:02 | Queue | Villager (Male) |
| 0:03 | Build | House |
| 0:04 | Build | House |
| 0:04 | Queue | Villager (Male) |
| 0:04 | Queue | Villager (Male) |
| 0:05 | Queue | Villager (Male) |
| 1:27 | Queue | Villager (Male) |
| 1:27 | Queue | Villager (Male) |
| 1:56 | Queue | Villager (Male) |
| 1:57 | Queue | Villager (Male) |
| 2:12 | Build | Lumber Camp |
| 2:21 | Queue | Villager (Male) |
| 2:21 | Queue | Villager (Male) |
| 2:29 | Queue | Villager (Male) |
| 2:29 | Queue | Villager (Male) |
| 2:37 | Build | House |
| 2:57 | Queue | Villager (Male) |
| 2:57 | Queue | Villager (Male) |
| 3:57 | Queue | Villager (Male) |
| 3:58 | Queue | Villager (Male) |
| 4:02 | Queue | Villager (Male) |
| 4:02 | Queue | Villager (Male) |
| 4:03 | Queue | Villager (Male) |
| 4:26 | Queue | Villager (Male) |
| 4:26 | Queue | Villager (Male) |
| 4:36 | Queue | Villager (Male) |
| 4:36 | Queue | Villager (Male) |
| 5:31 | Build | House |
| 6:25 | Build | Barracks |
| 6:28 | Queue | Villager (Male) |
| 7:13 | Research | Feudal Age |
| 7:14 | Research | Feudal Age |
| 7:24 | Queue | Militia |
| 7:25 | Queue | Militia |
| 7:34 | Research | Loom |
| 7:34 | Queue | Villager (Male) |
| 7:59 | Build | House |
| 8:07 | Build | Mining Camp |
| 8:25 | Build | Mill |
| 8:34 | Build | House |
| 9:23 | Age | Feudal Age |
| 9:35 | Queue | Villager (Male) |
| 9:37 | Queue | Militia |
| 9:43 | Build | Archery Range |
| 9:59 | Queue | Villager (Male) |
| 10:02 | Build | Mill |
| 10:11 | Queue | Villager (Male) |
| 10:23 | Queue | Spearman |
| 10:50 | Queue | Villager (Male) |
| 10:52 | Build | Farm |
| 10:52 | Build | Farm |
| 10:52 | Build | Farm |
| 10:55 | Queue | Skirmisher |
| 11:25 | Queue | Villager (Male) |
| 11:26 | Queue | Archer |
| 11:27 | Queue | Skirmisher ×3 |
| 11:50 | Queue | Militia |
| 11:57 | Build | Farm |
| 12:00 | Build | Farm |
| 12:11 | Build | House |
| 12:26 | Queue | Villager (Male) |
| 12:27 | Queue | Villager (Male) |
| 12:36 | Build | House |
| 13:02 | Queue | Villager (Male) |
| 13:07 | Build | Stable |
| 13:11 | Build | Palisade Wall |
| 13:14 | Build | House |
| 13:21 | Queue | Villager (Male) |
| 13:26 | Build | Farm |
| 13:29 | Build | House |
| 13:31 | Build | Palisade Wall |
| 13:42 | Queue | Villager (Male) |
| 13:44 | Build | Farm |
| 13:45 | Build | Farm |
| 13:45 | Build | Farm |
| 13:45 | Build | Farm |
| 13:45 | Build | Farm |
| 13:58 | Research | Double-Bit Axe |
| 14:07 | Queue | Scout Cavalry |
| 14:07 | Queue | Scout Cavalry |
| 14:17 | Build | House |
| 14:19 | Queue | Villager (Male) |
| 14:25 | Build | Farm |
| 14:29 | Build | Farm |
| 14:32 | Build | Farm |
| 14:34 | Queue | Villager (Male) |
| 14:51 | Build | Farm |
| 14:58 | Queue | Villager (Male) |
| 15:14 | Build | House |
| 15:19 | Queue | Scout Cavalry |
| 15:28 | Queue | Villager (Male) |
| 15:39 | Build | Palisade Wall |
| 15:43 | Research | Horse Collar |
| 15:57 | Queue | Villager (Male) |
| 16:03 | Build | Lumber Camp |
| 16:05 | Build | House |
| 16:07 | Queue | Villager (Male) |
| 16:08 | Build | Farm |
| 16:08 | Build | Farm |
| 16:08 | Build | Farm |
| 16:33 | Build | Farm |
| 16:41 | Queue | Villager (Male) |
| 16:52 | Build | Farm |
| 17:09 | Queue | Villager (Male) |
| 17:32 | Queue | Villager (Male) |
| 17:39 | Build | Market |
| 17:46 | Build | Farm |
| 17:57 | Build | Farm |
| 18:09 | Build | House |
| 18:10 | Build | Palisade Wall |
| 18:10 | Build | Palisade Wall |
| 18:12 | Build | Palisade Wall |
| 18:18 | Queue | Villager (Male) |
| 18:21 | Build | Farm |
| 18:52 | Queue | Villager (Male) |
| 18:58 | Research | Castle Age |
| 18:58 | Research | Castle Age |
| 19:04 | Build | Blacksmith |
| 19:06 | Build | Palisade Wall |
| 19:30 | Queue | Scout Cavalry |
| 19:31 | Queue | Scout Cavalry |
| 19:43 | Queue | Scout Cavalry |
| 19:59 | Build | Stable |
| 20:06 | Build | Stable |
| 20:09 | Build | Lumber Camp |
| 20:19 | Research | Forging |
| 20:20 | Research | Forging |
| 20:29 | Queue | Scout Cavalry |
| 20:46 | Research | Bloodlines |
| 21:04 | Research | Wheelbarrow |
| 21:20 | Queue | Scout Cavalry |
| 21:20 | Queue | Scout Cavalry |
| 21:38 | Age | Castle Age |
| 21:41 | Research | Light Cavalry (upgrade) |
| 21:42 | Research | Light Cavalry (upgrade) |
| 21:51 | Queue | Villager (Male) |
| 21:51 | Queue | Villager (Male) |
| 21:57 | Build | Town Center |
| 22:08 | Research | Bow Saw |
| 22:30 | Queue | Villager (Male) |
| 22:41 | Queue | Villager (Male) |
| 23:07 | Build | Town Center |
| 23:08 | Queue | Villager (Male) |
| 23:09 | Queue | Villager (Male) |
| 23:25 | Research | Husbandry |
| 23:31 | Queue | Villager (Male) |
| 23:31 | Queue | Villager (Male) |
| 23:58 | Queue | Villager (Male) |
| 23:58 | Queue | Villager (Male) |
Build order — Daniel-182
First 150 of 288 actions detected
| 0:02 | Queue | Villager (Male) |
| 0:02 | Queue | Villager (Male) |
| 0:02 | Queue | Villager (Male) |
| 0:02 | Queue | Villager (Male) |
| 0:04 | Build | House |
| 0:05 | Build | House |
| 1:31 | Queue | Villager (Male) |
| 1:54 | Queue | Villager (Male) |
| 1:56 | Build | Lumber Camp |
| 2:28 | Queue | Villager (Male) |
| 2:53 | Queue | Villager (Male) |
| 3:24 | Queue | Villager (Male) |
| 3:41 | Queue | Villager (Male) |
| 3:42 | Queue | Villager (Male) |
| 4:03 | Build | House |
| 4:10 | Queue | Villager (Male) |
| 4:10 | Queue | Villager (Male) |
| 4:23 | Queue | Villager (Male) |
| 4:41 | Build | Mill |
| 5:02 | Queue | Villager (Male) |
| 5:03 | Queue | Villager (Male) |
| 5:04 | Queue | Villager (Male) |
| 5:17 | Research | Loom |
| 7:04 | Research | Feudal Age |
| 7:54 | Build | House |
| 7:58 | Build | Barracks |
| 8:03 | Queue | Villager (Male) |
| 9:01 | Build | House |
| 9:17 | Build | Palisade Wall |
| 9:19 | Age | Feudal Age |
| 9:25 | Build | Archery Range |
| 9:45 | Queue | Villager (Male) |
| 9:52 | Build | House |
| 9:54 | Build | Palisade Wall |
| 9:57 | Build | House |
| 10:01 | Build | Palisade Wall |
| 10:06 | Queue | Villager (Male) |
| 10:25 | Queue | Skirmisher |
| 10:25 | Queue | Skirmisher |
| 10:47 | Queue | Villager (Male) |
| 10:52 | Build | Stable |
| 11:19 | Queue | Villager (Male) |
| 11:41 | Queue | Villager (Male) |
| 11:51 | Build | Farm |
| 11:59 | Build | Farm |
| 12:00 | Queue | Scout Cavalry |
| 12:01 | Queue | Scout Cavalry |
| 12:04 | Build | Palisade Wall |
| 12:07 | Build | Palisade Wall |
| 12:44 | Build | Farm |
| 13:06 | Queue | Skirmisher |
| 13:06 | Queue | Skirmisher |
| 13:13 | Queue | Villager (Male) |
| 13:32 | Build | Farm |
| 13:34 | Queue | Skirmisher |
| 13:39 | Build | Farm |
| 13:49 | Build | Palisade Wall |
| 13:50 | Queue | Villager (Male) |
| 13:58 | Queue | Skirmisher |
| 14:05 | Build | Farm |
| 14:16 | Build | House |
| 14:21 | Queue | Villager (Male) |
| 14:24 | Build | Farm |
| 14:40 | Queue | Villager (Male) |
| 14:47 | Build | House |
| 14:53 | Queue | Villager (Male) |
| 14:53 | Queue | Villager (Male) |
| 14:55 | Build | Farm |
| 15:11 | Build | Palisade Wall |
| 15:13 | Queue | Villager (Male) |
| 15:16 | Build | Farm |
| 15:24 | Queue | Villager (Male) |
| 15:34 | Research | Double-Bit Axe |
| 15:34 | Research | Double-Bit Axe |
| 15:40 | Build | Palisade Wall |
| 15:51 | Queue | Scout Cavalry |
| 15:51 | Queue | Scout Cavalry |
| 15:56 | Build | Palisade Wall |
| 15:58 | Build | Farm |
| 16:18 | Queue | Skirmisher |
| 16:19 | Queue | Skirmisher |
| 16:22 | Queue | Scout Cavalry |
| 16:24 | Build | Farm |
| 16:36 | Queue | Villager (Male) |
| 16:51 | Build | House |
| 16:54 | Queue | Villager (Male) |
| 17:02 | Build | House |
| 17:09 | Queue | Villager (Male) |
| 17:19 | Build | Blacksmith |
| 17:29 | Queue | Villager (Male) |
| 17:34 | Build | Farm |
| 17:46 | Queue | Scout Cavalry |
| 17:51 | Build | House |
| 18:04 | Build | Farm |
| 18:14 | Queue | Villager (Male) |
| 18:23 | Build | House |
| 18:24 | Queue | Villager (Male) |
| 18:26 | Build | Farm |
| 18:47 | Build | Farm |
| 18:56 | Build | House |
| 19:01 | Queue | Villager (Male) |
| 19:12 | Build | Farm |
| 19:14 | Queue | Villager (Male) |
| 19:33 | Queue | Scout Cavalry |
| 19:35 | Build | House |
| 19:36 | Queue | Villager (Male) |
| 19:42 | Build | Mining Camp |
| 20:21 | Queue | Villager (Male) |
| 20:24 | Research | Wheelbarrow |
| 21:05 | Queue | Villager (Male) |
| 21:21 | Build | Lumber Camp |
| 21:35 | Queue | Scout Cavalry |
| 21:41 | Build | House |
| 21:47 | Build | Stone Wall |
| 22:03 | Research | Castle Age |
| 22:16 | Build | House |
| 22:26 | Build | House |
| 22:29 | Build | House |
| 22:30 | Build | House |
| 22:31 | Build | House |
| 22:44 | Build | House |
| 22:54 | Research | Gold Mining |
| 23:10 | Research | Scale Barding Armor |
| 23:16 | Build | Palisade Wall |
| 23:18 | Build | Mining Camp |
| 23:21 | Build | House |
| 23:25 | Research | Padded Archer Armor |
| 23:33 | Build | Farm |
| 23:39 | Build | House |
| 23:59 | Research | Forging |
| 24:01 | Build | Farm |
| 24:17 | Build | Farm |
| 24:20 | Research | Bloodlines |
| 24:24 | Build | House |
| 24:36 | Queue | Villager (Male) |
| 24:42 | Build | House |
| 24:43 | Age | Castle Age |
| 24:51 | Queue | Villager (Male) |
| 25:10 | Research | Bow Saw |
| 25:26 | Queue | Villager (Male) |
| 25:32 | Build | Palisade Wall |
| 25:38 | Build | Monastery |
| 25:45 | Build | House |
| 25:46 | Queue | Villager (Male) |
| 25:48 | Queue | Camel Scout ×2 |
| 26:04 | Queue | Spearman |
| 26:12 | Queue | Villager (Male) |
| 26:15 | Build | Farm |
| 26:20 | Build | House |
| 26:33 | Build | Archery Range |
Match timeline
| 6:25 | HellionBlue · first_building Barracks |
| 7:58 | Daniel-182 · first_building Barracks |
| 9:17 | Daniel-182 · wall_segment Palisade Wall x14 |
| 9:19 | Daniel-182 · age_up feudal |
| 9:23 | HellionBlue · age_up feudal |
| 9:25 | Daniel-182 · first_building Archery Range |
| 9:43 | HellionBlue · first_building Archery Range |
| 9:54 | Daniel-182 · wall_segment Palisade Wall x1 |
| 10:01 | Daniel-182 · wall_segment Palisade Wall x3 |
| 10:52 | Daniel-182 · first_building Stable |
| 12:04 | Daniel-182 · wall_segment Palisade Wall x18 |
| 12:07 | Daniel-182 · wall_segment Palisade Wall x9 |
| 13:07 | HellionBlue · first_building Stable |
| 13:11 | HellionBlue · wall_segment Palisade Wall x6 |
| 13:31 | HellionBlue · wall_segment Palisade Wall x6 |
| 13:49 | Daniel-182 · wall_segment Palisade Wall x17 |
| 15:11 | Daniel-182 · wall_segment Palisade Wall x4 |
| 15:39 | HellionBlue · wall_segment Palisade Wall x5 |
| 15:40 | Daniel-182 · wall_segment Palisade Wall x1 |
| 15:56 | Daniel-182 · wall_segment Palisade Wall x11 |
| 18:10 | HellionBlue · wall_segment Palisade Wall x1 |
| 18:10 | HellionBlue · wall_segment Palisade Wall x1 |
| 18:12 | HellionBlue · wall_segment Palisade Wall x1 |
| 19:06 | HellionBlue · wall_segment Palisade Wall x4 |
| 21:38 | HellionBlue · age_up castle |
| 21:47 | Daniel-182 · wall_segment Stone Wall x12 |
| 23:16 | Daniel-182 · wall_segment Palisade Wall x1 |
| 24:43 | Daniel-182 · age_up castle |
| 25:32 | Daniel-182 · wall_segment Palisade Wall x1 |
| 25:38 | Daniel-182 · first_building Monastery |
| 27:05 | HellionBlue · first_building Monastery |
| 27:08 | HellionBlue · first_building Siege Workshop |
| 29:21 | HellionBlue · first_building Castle |
| 30:17 | HellionBlue · wall_segment Palisade Wall x1 |
| 30:22 | HellionBlue · wall_segment Palisade Wall x1 |
| 31:44 | HellionBlue · first_market_sell 500 wood |
| 32:48 | Daniel-182 · first_building Castle |
| 33:52 | HellionBlue · wall_segment Palisade Wall x12 |
| 33:54 | HellionBlue · wall_segment Palisade Wall x13 |
| 35:31 | HellionBlue · age_up imperial |
| 39:35 | Daniel-182 · age_up imperial |
| 40:07 | Daniel-182 · first_building Siege Workshop |
| 40:30 | Daniel-182 · resign |
[ AI ANALYSIS · 1 CREDIT ]
What really happened in this match?
Wolo.gg analyzes every decision: build order, eco, micro, common mistakes by bracket. Personalized analysis on WhatsApp or Discord in 30 seconds.
Civ guide
Mongols
Perfil
Jugador #2698259